 Dungeon Crawl Stone Soup version 0.20.1-1-g8b1a95d (webtiles) character file.

10686 TheGuigne the Geomancer (level 11, 0/64 HPs)
             Began as a Gargoyle Earth Elementalist on Aug 20, 2017.
             Was a Priest of Vehumet.
             Slain by an eight-headed hydra (8 damage)
             ... on level 2 of the Lair of Beasts.
             The game lasted 00:41:47 (10220 turns).

TheGuigne the Geomancer (GrEE)                     Turns: 10220, Time: 00:41:48

Health: 0/64       AC: 12    Str: 12    XL:     11   Next: 66%
Magic:  23/24      EV: 14    Int: 19    God:    Vehumet [***...]
Gold:   554        SH:  0    Dex: 10    Spells: 18/28 levels left

rFire    + + .     SeeInvis .   u - +8 whip "Snakebite" {curare, rPois}
rCold    + . .     Gourm    .   (no shield)
rNeg     + . .     Faith    .   H - +0 robe {rC+ rF+}
rPois    ∞         Spirit   .   x - +0 helmet
rElec    +         Reflect  .   Q - +0 cloak
rCorr    +         Harm     .   B - +0 pair of gloves
MR       .....                  (no boots)
Stlth    ++........             (no amulet)
Regen    0.2/turn               r - ring of resist corrosion
MPRegen  0.2/turn               c - ring of protection from fire

@: about to teleport
A: negative energy resistance 1, electricity resistance, unbreathing,
petrification resistance, rot immunity, AC +7
a: Renounce Religion


You were on level 2 of the Lair of Beasts.
You worshipped Vehumet.
Vehumet was most pleased with you.
You were not hungry.

You visited 3 branches of the dungeon, and saw 11 of its levels.

You collected 554 gold pieces.

Inventory:

Hand Weapons
 a - the +7 flail of Nightmares {freeze, +Fly rPois}
   (You found it on level 8 of the Dungeon)

   It has been specially enchanted to freeze those struck by it, causing extra
   injury to most foes and up to half again as much damage against particularly
   susceptible opponents.
   It can also slow down cold-blooded creatures.
   It protects you from poison.
   It lets you fly.
 b - a +0 hunting sling
 u - the +8 whip "Snakebite" (weapon) {curare, rPois}
   (You found it on level 2 of the Lair of Beasts)

   It poisons the flesh of those it strikes.
   It protects you from poison.
Missiles
 n - 22 stones (quivered)
 I - 38 sling bullets
Armour
 x - a +0 helmet (worn)
 B - a +0 pair of gloves (worn)
 H - a +0 robe of resistance (worn)
 Q - a +0 cloak (worn)
Jewellery
 c - a ring of protection from fire (right hand)
 r - a ring of resist corrosion (left hand)
Wands
 v - a wand of paralysis (18/24)
 y - a wand of polymorph (6/24)
 M - a wand of disintegration (13/24)
Scrolls
 g - 2 scrolls of fear {unknown}
 h - 4 scrolls of amnesia
 j - a scroll of holy word {unknown}
 l - 3 scrolls of fog
 m - a scroll of random uselessness {unknown}
 q - 3 scrolls of remove curse
 s - 4 scrolls of teleportation
 D - 2 scrolls of recharging {unknown}
 E - a scroll of enchant armour {unknown}
 S - a scroll of blinking {unknown}
Potions
 i - a potion of resistance {unknown}
 k - a potion of magic {unknown}
 p - 2 potions of curing
 t - 3 potions of brilliance {unknown}
 w - a potion of flight {unknown}
 C - a potion of invisibility {unknown}
 F - 4 potions of lignification {unknown}
 G - a potion of degeneration {unknown}
 J - a potion of haste {unknown}
 R - a potion of heal wounds
Books
 e - a book of Geomancy

   Spells                             Type                      Level
   a - Sandblast                      Earth                        1
   b - Passwall                       Transmutation/Earth          2
   c - Stone Arrow                    Conjuration/Earth            3
   d - Petrify                        Transmutation/Earth          4
   e - Lee's Rapid Deconstruction     Earth                        5
Comestibles
 d - 6 bread rations
 f - a chunk of flesh
 o - a meat ration
 z - 2 royal jellies


   Skills:
 + Level 6.1 Fighting
 - Level 4.1 Maces & Flails
 * Level 5.0 Dodging
 - Level 2.1 Stealth
 - Level 9.4 Spellcasting
 * Level 8.3 Conjurations
   Level 0.7 Transmutations
 - Level 11.5 Earth Magic


You had 18 spell levels left.
You knew the following spells:

 Your Spells              Type           Power        Failure   Level  Hunger
a - Sandblast             Erth           ######       1%          1    None
b - Stone Arrow           Conj/Erth      #####.       1%          3    None
c - Lee's Rapid Deconstr  Erth           ######....   1%          5    #####..
d - Magic Dart            Conj           ####         1%          1    None


Dungeon Overview and Level Annotations

Branches:
Dungeon (8/15)             Temple (1/1) D:5            Lair (2/6) D:8
  Swamp: Lair:2-4    Shoals: Lair:2-4     Snake: Lair:2-4    Spider: Lair:2-4

Altars:
Ashenzari
Cheibriados
Dithmenos
Elyvilon
Fedhas
Gozag
Hepliaklqana
Kikubaaqudgha
Makhleb
Nemelex Xobeh
Okawaru
Qazlal
Ru
Sif Muna
Trog
Uskayaw
Vehumet
Xom
Yredelemnul
Zin
The Shining One


Innate Abilities, Weirdness & Mutations

You are resistant to torment.
Your stone body is resilient. (AC +7)
You are immune to poison.
You resist negative energy. (rN+)
You are resistant to electric shocks. (rElec)
You can survive without breathing.
You are immune to petrification.
You are immune to rotting.


Message History

Aim: an eight-headed hydra The blast of sand hits the eight-headed hydra.
The eight-headed hydra is lightly wounded.
n - 22 stones The eight-headed hydra misses you.
The eight-headed hydra bites you!
The eight-headed hydra bites you but does no damage.
The eight-headed hydra bites you! The eight-headed hydra bites you.
The eight-headed hydra bites you!
The eight-headed hydra bites you but does no damage.
The eight-headed hydra bites you.
As you read the scroll of teleportation, it crumbles to dust.
You feel strangely unstable. The eight-headed hydra bites you.
The eight-headed hydra bites you but does no damage.
The eight-headed hydra bites you!
* * * LOW HITPOINT WARNING * * *
The eight-headed hydra bites you but does no damage.
The eight-headed hydra bites you!
* * * LOW HITPOINT WARNING * * *
The eight-headed hydra bites you!
You die...

######.÷.# ##.#
#..### ##..########
######.##÷÷.###.#
#.....#####....##
##.##.# ###.#..
###..#### #####
PP##.#P##.###
.......@....#
....#.D###..## ## .
##. ##...# ####.#
...#....####...##
#................##
#...##...##.......##
#..# #P.#....<......
... #.....PP......#
.. ##...≈≈≈P≈≈...P


You could see an eight-headed hydra.

Vanquished Creatures
  A hydra (Lair:1)
  Erica (D:8)
  An unseen horror (D:7)
  A gargoyle (D:7)
  4 black mambas (Lair:2)
  3 hippogriffs
  Grinder (D:4)
  The ghost of Enish the Digger, an amateur OpEE of Vehumet (D:4)
  6 yaks (D:6)
  A steam dragon (D:8)
  Menkaure (D:4)
  Edmund (D:6)
  9 water moccasins
  4 porcupines
  An orc warrior (D:8)
  3 ice beasts
  2 necrophages
  4 ogres
  A phantom (D:5)
  A centaur (D:6)
  3 crocodiles
  A big kobold (D:7)
  6 bullfrogs
  A water moccasin zombie (D:5)
  2 gnoll sergeants (D:8)
  A wyvern skeleton (D:7)
  5 scorpions
  4 killer bees (D:7)
  A howler monkey (D:7)
  2 jellies (D:7)
  2 crimson imps
  A bullfrog zombie (D:8)
  A centaur zombie (D:7)
  6 orc priests
  5 hounds
  3 orc wizards
  4 bullfrog skeletons
  2 centaur skeletons
  2 iguanas
  7 worker ants
  2 hound zombies
  A hound skeleton (D:7)
  A howler monkey zombie (D:5)
  Robin (D:3)
  17 gnolls
  A howler monkey skeleton (D:4)
  13 adders
  2 oozes
  2 adder skeletons
  2 worms (D:4)
  2 dart slugs
  4 leopard geckos
  22 orcs
  A ball python (D:5)
  8 bats
  9 giant cockroaches
  11 goblins
  8 hobgoblins
  11 jackals
  6 kobolds
  4 quokkas
  10 frilled lizards
  A leopard gecko skeleton (D:4)
  A quokka skeleton (D:4)
  4 rats
250 creatures vanquished.

Notes
Turn   | Place    | Note
-------+----------+-------------------------------------------
     0 | D:1      | TheGuigne the Gargoyle Earth Elementalist began the quest for the Orb.
     0 | D:1      | Reached XP level 1. HP: 10/10 MP: 3/3
   175 | D:1      | Reached skill level 4 in Earth Magic
   213 | D:1      | Reached XP level 2. HP: 15/15 MP: 3/5
   849 | D:2      | Reached XP level 3. HP: 19/19 MP: 3/6
  1121 | D:2      | Reached XP level 4. HP: 24/24 MP: 5/8
  1185 | D:2      | Reached skill level 5 in Earth Magic
  1799 | D:2      | Reached XP level 5. HP: 28/28 MP: 7/9
  1949 | D:3      | Learned a level 3 spell: Stone Arrow
  2103 | D:3      | Found a faded altar of an unknown god.
  2448 | D:3      | Found a burning altar of Makhleb.
  2450 | D:3      | Found a shimmering altar of Xom.
  2451 | D:3      | Reached skill level 6 in Earth Magic
  2577 | D:3      | Noticed Robin
  2620 | D:2      | Reached skill level 1 in Conjurations
  2797 | D:3      | Killed Robin
  2797 | D:3      | Reached XP level 6. HP: 32/32 MP: 4/10
  2991 | D:3      | Reached skill level 7 in Earth Magic
  3146 | D:4      | Noticed Enish's ghost (amateur OpEE)
  3155 | D:4      | Killed Enish's ghost
  3155 | D:4      | Reached skill level 8 in Earth Magic
  3155 | D:4      | Reached XP level 7. HP: 36/36 MP: 1/11
  3395 | D:4      | Learned a level 5 spell: Lee's Rapid Deconstruction
  3611 | D:4      | Reached skill level 9 in Earth Magic
  3742 | D:4      | Noticed Menkaure
  3746 | D:4      | Killed Menkaure
  3746 | D:4      | Reached XP level 8. HP: 41/41 MP: 6/13
  4010 | D:4      | Noticed Grinder
  4086 | D:4      | Paralysed by Grinder for 7 turns
  4095 | D:4      | Killed Grinder
  4095 | D:4      | Reached skill level 10 in Earth Magic
  4357 | D:5      | Entered Level 5 of the Dungeon
  4459 | D:5      | Found a staircase to the Ecumenical Temple.
  4483 | Temple   | Entered the Ecumenical Temple
  4580 | Temple   | Became a worshipper of Vehumet
  4612 | D:5      | Found a shadowy altar of Dithmenos.
  4621 | D:5      | Reached skill level 1 in Fighting
  5136 | D:5      | Found a stormy altar of Qazlal.
  5261 | D:5      | Reached skill level 5 in Spellcasting
  5511 | D:5      | Reached XP level 9. HP: 49/49 MP: 14/17
  6069 | D:6      | Reached skill level 5 in Conjurations
  6439 | D:6      | Noticed Edmund
  6444 | D:6      | Killed Edmund
  6611 | D:7      | Reached * piety under Vehumet
  6611 | D:7      | Offered knowledge of Magic Dart by Vehumet.
  6617 | D:7      | Learned a level 1 spell: Magic Dart
  6746 | D:7      | Reached XP level 10. HP: 52/58 MP: 16/22
  7257 | D:7      | Reached skill level 5 in Fighting
  7275 | D:7      | Got a translucent chain mail
  7281 | D:7      | Got a pitted trident
  7288 | D:7      | Identified the +4 trident of Vietopof {antimagic, rElec rPois} (You found it on level 7 of the Dungeon)
  7289 | D:7      | Identified the cursed +1 chain mail "Lakhum" {rN+} (You found it on level 7 of the Dungeon)
  7466 | D:7      | Noticed a gargoyle
  7480 | D:7      | Killed a gargoyle
  7482 | D:7      | HP: 2/59 [something (5)]
  7485 | D:7      | Killed an unseen horror
  7485 | D:7      | Offered knowledge of Throw Frost by Vehumet.
  7485 | D:7      | Reached skill level 11 in Earth Magic
  7820 | D:7      | Found a sparkling altar of Nemelex Xobeh.
  7893 | D:7      | Reached ** piety under Vehumet
  8323 | D:8      | Noticed Erica
  8412 | D:8      | Killed Erica
  8485 | D:8      | Got a pitted flail
  8494 | D:8      | Identified the +7 flail of Nightmares {freeze, +Fly rPois} (You found it on level 8 of the Dungeon)
  8554 | D:8      | Reached skill level 1 in Maces & Flails
  8554 | D:8      | Reached XP level 11. HP: 60/64 MP: 18/24
  8706 | D:8      | Offered knowledge of Throw Flame by Vehumet.
  8814 | D:8      | Found a staircase to the Lair.
  8872 | Lair:1   | Entered Level 1 of the Lair of Beasts
  9144 | Lair:1   | Noticed a six-headed hydra
  9151 | Lair:1   | Killed a six-headed hydra
  9320 | Lair:1   | Got a slimy leather armour
  9441 | Lair:1   | Identified the cursed +0 leather armour "Cuiraut" {+Fly rN++ Regen+ Int-2} (You found it on level 1 of the Lair of Beasts)
  9847 | Lair:2   | Reached *** piety under Vehumet
 10063 | Lair:2   | Reached skill level 5 in Dodging
 10218 | Lair:2   | Noticed an eight-headed hydra
 10220 | Lair:2   | Slain by an eight-headed hydra

Skill      XL: |  1  2  3  4  5  6  7  8  9 10 11 |
---------------+----------------------------------+-----
Earth Magic    | 4 5 6 8 9 10 11 | 11.5
Spellcasting   | 3 5 8 9 |  9.4
Conjurations   | 1 2 4 5 8 |  8.3
Fighting       | 2 4 6 |  6.1
Dodging        | 2 3 5 |  5.0
Maces & Flails | 1 4 |  4.1
Stealth        | |  2.1
Transmutations | |  0.7

Action                   |  1- 3 |  4- 6 |  7- 9 | 10-12 || total
-------------------------+-------+-------+-------+-------++-------
Melee: Whip              |    31 |    58 |    47 |    12 ||   148
       Flail             |       |       |       |    12 ||    12
 Fire: Hunting sling     |       |       |     9 |     3 ||    12
 Cast: Sandblast         |    26 |    69 |   119 |   130 ||   344
       Stone Arrow       |       |     3 |    18 |    30 ||    51
       Magic Dart        |       |       |    11 |    93 ||   104
       Lee's Rapid Decon |       |       |     1 |     5 ||     6
  Use: Scroll            |       |       |     7 |     9 ||    16
       Potion            |       |       |       |     4 ||     4
 Stab: Sleeping          |     3 |     2 |       |     1 ||     6
       Distracted        |       |       |     1 |       ||     1
  Eat: Chunk             |     1 |     6 |    12 |     8 ||    27
       Fruit             |       |       |     2 |     2 ||     4
       Royal jelly       |       |       |       |     1 ||     1
Armor: Robe              |     7 |    48 |    29 |    30 ||   114
Dodge: Dodged            |    27 |    75 |    57 |    54 ||   213
